Islanders vs Coyotes

Created - 5 décembre 2023 at 13:44

Goals
1 2 3 T
Islanders 0 1 0 1
Coyotes 2 0 1 3
Shots
1 2 3 T
Islanders 14 5 3 22
Coyotes 10 11 13 34

GoalsPenalties
1st period
1. Coyotes , Drake Batherson 12 (Lucas Raymond 17, Ross Colton 16) at 11:55 (PP)
2. Coyotes , Patrick Kane 16 (Marc Staal 11, Lucas Raymond 18) at 14:04
Josh Archibald (NYI) for Slashing (Minor) at 10:38
Brayden McNabb (PHO) for Slashing (Minor) at 17:27
2nd period
3. Islanders , Sonny Milano 9 (Josh Bailey 21) at 8:37
Rasmus Sandin (PHO) for Hooking (Minor) at 2:32
3rd period
4. Coyotes , Lucas Raymond 10 (Ross Colton 17) at 14:38 (PP)
Josh Archibald (NYI) for Roughing (Minor) at 13:26
Dylan Coghlan (NYI) for Tripping (Minor) at 15:26
Goalie Stats
Mike Smith (NYI), 31 saves from 34 shots - (0,912), L, 2-17-0, 60:00 minutes
Jake Oettinger (PHO), 21 saves from 22 shots - (0,955), W, 21-6-2, 60:00 minutes
3 StarsOfficial
1 - Lucas Raymond (PHO)
2 - Ross Colton (PHO)
3 - Patrick Kane (PHO)
Referees : Furman South and Jacqueline Howard
Linesman : Lisa Linnek and Ben O'Quinn
Game Note
No Game Note
Finance
Level 1 -- Attendance: 6150 (100%) -- Ticket Income $535,050
Level 2 -- Attendance: 4793 (92%) -- Ticket Income $254,029
Level 3 -- Attendance: 4030 (68%) -- Ticket Income $56,420
Level 4 -- Attendance: 3937 (92%) -- Ticket Income $51,181
Luxury Box -- Attendance: 1050 (100%) -- Ticket Income $187,950
Game was played at the Glendale Arena.
Total Attendance: 19960 (88%)
Total Ticket Income: $1,084,630
Other Income: $325,389
Total Income: $1,410,019



Team Name Goals Shots Shots Attemp Shots Blocked PIM HIT PP PK FO%
Islanders 12234136160 / 2 (0%)247%
Coyotes 3346064212 / 3 (67%)053%

Islanders
Player Name POS G A P +/- PIM HIT SHT SB MP PP MP PP SHT PK MP PK SHT FO% FOT GA TA
Brock McGinnLW/RW0000005022:132:0302:10050% 231
Caleb JonesD000-1012126:052:0102:2000% 010
Christian WolaninD0001000112:540:0000:0000% 000
Dylan CoghlanD0000211117:170:0001:0900% 001
Filip ZadinaLW/RW000001009:430:1000:0000% 000
Jakub VoracekLW/RW0000000116:001:4500:100100% 100
Josh ArchibaldLW/RW0000411013:141:5700:0000% 000
Josh BaileyLW/RW0110044022:152:0302:10144% 2501
Kyle BurroughsD0000010120:281:5702:0800% 001
Milan LucicLW/RW0000023017:411:4502:080100% 100
Nicklas BackstromC0000020116:182:0300:10050% 1000
Ondrej KaseRW0000011110:320:0000:0000% 000
Rasmus AsplundC/LW000000019:080:1000:0000% 122
Rasmus KupariC/LW/RW0000000014:551:4502:08038% 820
Robert BortuzzoD000-1010323:580:0002:2000% 002
Simon HolmstromRW000000109:050:1000:0000% 001
Sonny MilanoLW/RW1010004120:042:0100:000100% 101
Will ButcherD0001010113:390:0000:5900% 000
Coyotes
Player Name POS G A P +/- PIM HIT SHT SB MP PP MP PP SHT PK MP PK SHT FO% FOT GA TA
Alex DeBrincatLW/RW000-1016020:512:3300:5500% 000
Bowen ByramD0000010214:420:0001:4500% 000
Brayden McNabbD0000240021:340:0001:1000% 021
Drake BathersonRW1010012013:191:5520:0000% 000
Jack QuinnLW/RW000000009:550:0000:000100% 120
Jake DeBruskLW/RW000-1002119:522:3310:0000% 110
Jordan GreenwayLW/RW000000009:560:0001:1000% 010
Lucas RaymondLW/RW1231015116:091:5510:000100% 110
Marc StaalD0110022122:222:0501:1800% 000
Noah DobsonD0000014023:462:2312:2300% 011
Patrick KaneRW1011007016:442:2300:0000% 000
Rasmus SandinD0000200013:440:0000:2300% 001
Rem PitlickC/LW/RW000003009:560:0000:47025% 401
Ross ColtonC/LW0221000018:541:5502:01069% 1300
Taylor RaddyshRW0000020011:070:0001:5300% 000
Tim StützleC000-1013019:562:3300:00046% 2422
Travis BoydC/RW0000020011:210:0001:10060% 500
Vince DunnD0000023121:522:0500:5700% 002

Islanders

5 vs 5 Forward
Line #Left WingCenterRight WingPHYDFOFWanted %Time %Time Play
1Sonny MilanoJosh BaileyBrock McGinn1224036%18:31
2Jakub VoracekNicklas BackstromMilan Lucic0233027%13:48
3Josh ArchibaldRasmus KupariOndrej Kase2212020%10:32
4Simon HolmstromRasmus AsplundFilip Zadina0231017%8:43
5 vs 5 Defense
Line #DefenseDefensePHYDFOFWanted %Time %Time Play
1Robert BortuzzoCaleb Jones2304037%18:59
2Kyle BurroughsDylan Coghlan2303032%16:29
3Will ButcherChristian Wolanin2302526%13:27
4Robert BortuzzoCaleb Jones32055%2:39
Power Play Forward
Line #Left WingCenterRight WingPHYDFOFWanted %Time %Time Play
1Josh BaileyNicklas BackstromBrock McGinn0056056%2:13
2Jakub VoracekRasmus KupariMilan Lucic0054044%1:45
Power Play Defense
Line #DefenseDefensePHYDFOFWanted %Time %Time Play
1Sonny MilanoCaleb Jones0056051%2:01
2Josh ArchibaldKyle Burroughs0054049%1:57
Penalty Kill 4 Players Forward
Line #CenterWingPHYDFOFWanted %Time %Time Play
1Josh BaileyBrock McGinn0505552%2:20
2Rasmus KupariMilan Lucic0504548%2:08
Penalty Kill 4 Players Defense
Line #DefenseDefensePHYDFOFWanted %Time %Time Play
1Robert BortuzzoCaleb Jones0505552%2:20
2Kyle BurroughsDylan Coghlan0504548%2:08
Penalty Kill 3 Players
Line #WingPHYDFOFWanted %Time %Time PlayDefenseDefensePHYDFOFWanted %Time %Time Play
1Brock McGinn050500%0:00 Robert BortuzzoCaleb Jones050500%0:00
2Rasmus Kupari050500%0:00 Kyle BurroughsDylan Coghlan050500%0:00
4 vs 4 Forward
Line #CenterWingPHYDFOFWanted %Time %Time Play
1Nicklas BackstromJosh Bailey131650%0:00
2Rasmus KupariBrock McGinn221350%0:00
4 vs 4 Defense
Line #DefensePHYDFOFWanted %Time %Time Play
1Robert BortuzzoCaleb Jones230650%0:00
2Kyle BurroughsDylan Coghlan140350%0:00
Last Minutes Offensive
Left WingCenterRight WingDefenseDefense
Josh BaileyNicklas BackstromBrock McGinnSonny MilanoCaleb Jones
Last Minutes Defensive
Left WingCenterRight WingDefenseDefense
Josh BaileyRasmus KupariBrock McGinnRobert BortuzzoCaleb Jones
Time
Total ForwardTotal DefenseLast Minutes OffensiveLast Minutes Defensive
60:00 60:00 0:000:00
Extra Forwards
Normal PowerPlayPenalty Kill
Filip Zadina, Rasmus Kupari, Josh BaileyFilip Zadina, Sonny MilanoMilan Lucic
Extra Defensemen
Normal PowerPlayPenalty Kill
Kyle Burroughs, Caleb Jones, Robert BortuzzoRobert Bortuzzo, Kyle BurroughsCaleb Jones
Penalty Shots
Josh Bailey, Sonny Milano, Brock McGinn, Caleb Jones, Filip Zadina
Goalie
Mike Smith, Chris Driedger
Scratches
Carl Hagelin (Healthy), Nicolas Meloche (Healthy), Rocco Grimaldi (Healthy)

Coyotes

5 vs 5 Forward
Line #Left WingCenterRight WingPHYDFOFWanted %Time %Time Play
1Alex DeBrincatTim StützleJake DeBrusk0234236%18:25
2Lucas RaymondRoss ColtonPatrick Kane1223429%15:06
3Jack QuinnTravis BoydDrake Batherson1221619%9:55
4Jordan GreenwayRem PitlickTaylor Raddysh122816%8:08
5 vs 5 Defense
Line #DefenseDefensePHYDFOFWanted %Time %Time Play
1Brayden McNabbNoah Dobson1224037%19:00
2Vince DunnMarc Staal1224037%18:50
3Rasmus SandinBowen Byram1221525%12:57
4Brayden McNabbMarc Staal12252%0:47
Power Play Forward
Line #Left WingCenterRight WingPHYDFOFWanted %Time %Time Play
1Alex DeBrincatTim StützleJake DeBrusk0147057%2:33
2Lucas RaymondRoss ColtonDrake Batherson1133043%1:55
Power Play Defense
Line #DefenseDefensePHYDFOFWanted %Time %Time Play
1Patrick KaneNoah Dobson0146553%2:23
2Vince DunnMarc Staal0143547%2:05
Penalty Kill 4 Players Forward
Line #CenterWingPHYDFOFWanted %Time %Time Play
1Ross ColtonTaylor Raddysh1316071%2:48
2Travis BoydJordan Greenway1314029%1:10
Penalty Kill 4 Players Defense
Line #DefenseDefensePHYDFOFWanted %Time %Time Play
1Brayden McNabbNoah Dobson1316067%2:40
2Bowen ByramMarc Staal1314033%1:18
Penalty Kill 3 Players
Line #WingPHYDFOFWanted %Time %Time PlayDefenseDefensePHYDFOFWanted %Time %Time Play
1Ross Colton131600%0:00 Brayden McNabbNoah Dobson131600%0:00
2Travis Boyd131400%0:00 Bowen ByramMarc Staal131400%0:00
4 vs 4 Forward
Line #CenterWingPHYDFOFWanted %Time %Time Play
1Tim StützleAlex DeBrincat122600%0:00
2Jake DeBruskPatrick Kane122400%0:00
4 vs 4 Defense
Line #DefensePHYDFOFWanted %Time %Time Play
1Brayden McNabbNoah Dobson122600%0:00
2Vince DunnMarc Staal122400%0:00
Last Minutes Offensive
Left WingCenterRight WingDefenseDefense
Alex DeBrincatTim StützleJake DeBruskVince DunnNoah Dobson
Last Minutes Defensive
Left WingCenterRight WingDefenseDefense
Alex DeBrincatTim StützleJake DeBruskBrayden McNabbMarc Staal
Time
Total ForwardTotal DefenseLast Minutes OffensiveLast Minutes Defensive
60:00 60:00 0:000:00
Extra Forwards
Normal PowerPlayPenalty Kill
Drake Batherson, Lucas Raymond, Patrick KaneDrake Batherson, Travis BoydTaylor Raddysh
Extra Defensemen
Normal PowerPlayPenalty Kill
Noah Dobson, Bowen Byram, Vince DunnBrayden McNabb, Bowen ByramVince Dunn
Penalty Shots
Tim Stützle, Alex DeBrincat, Jake DeBrusk, Patrick Kane, Drake Batherson
Goalie
Jake Oettinger, Dan Vladar
Scratches
Colin White (Healthy), Jacob Bryson (Healthy)


Play-by-Play

1st period


0:01 of 1st period - Josh Bailey wins face-off versus Tim Stützle in neutral zone.
0:12 of 1st period - Snap shot by Brock McGinn.
0:12 of 1st period - Stopped by Jake Oettinger with a rebound.
0:14 of 1st period - Snap shot by Caleb Jones.
0:14 of 1st period - Stopped by Jake Oettinger with a rebound.
0:16 of 1st period - Slapshot by Caleb Jones.
0:16 of 1st period - Stopped by Jake Oettinger with a rebound.
0:53 of 1st period - Snap shot by Simon Holmstrom.
0:53 of 1st period - Stopped by Jake Oettinger without a rebound.
0:54 of 1st period - Travis Boyd wins face-off versus Rasmus Asplund in Coyotes zone.
1:09 of 1st period - Snap shot by Drake Batherson.
1:09 of 1st period - Shot Misses the Net.
1:40 of 1st period - Filip Zadina is hit by Vince Dunn and loses puck.
2:22 of 1st period - Icing by Caleb Jones.
2:23 of 1st period - Nicklas Backstrom wins face-off versus Ross Colton in Islanders zone.
4:03 of 1st period - Off-side.
4:04 of 1st period - Josh Bailey wins face-off versus Tim Stützle in neutral zone.
4:31 of 1st period - Dylan Coghlan is hit by Travis Boyd and loses puck.
4:49 of 1st period - Snap shot by Sonny Milano.
4:49 of 1st period - Shot Hit the Post.
4:51 of 1st period - Wrist shot by Brock McGinn.
4:51 of 1st period - Shot Misses the Net.
4:53 of 1st period - Snap shot by Brock McGinn.
4:53 of 1st period - Deflect By Josh Bailey.
4:53 of 1st period - Stopped by Jake Oettinger with a rebound.
4:55 of 1st period - Wrist shot by Josh Bailey.
4:55 of 1st period - Stopped by Jake Oettinger with a rebound.
4:57 of 1st period - Slapshot by Dylan Coghlan.
4:57 of 1st period - Deflect By Sonny Milano.
4:57 of 1st period - Stopped by Jake Oettinger without a rebound.
4:58 of 1st period - Tim Stützle wins face-off versus Rasmus Kupari in Coyotes zone.
5:37 of 1st period - Slapshot by Milan Lucic.
5:37 of 1st period - Shot Misses the Net.
5:49 of 1st period - Wrist shot by Drake Batherson.
5:49 of 1st period - Shot Misses the Net.
6:27 of 1st period - Wrist shot by Alex DeBrincat.
6:27 of 1st period - Stopped by Mike Smith without a rebound.
6:28 of 1st period - Jakub Voracek wins face-off versus Rem Pitlick in Islanders zone.
6:55 of 1st period - Tim Stützle is hit by Dylan Coghlan and loses puck.
7:05 of 1st period - Off-side.
7:06 of 1st period - Josh Bailey wins face-off versus Ross Colton in neutral zone.
7:33 of 1st period - Slapshot by Tim Stützle.
7:33 of 1st period - Stopped by Mike Smith with a rebound.
7:39 of 1st period - Snap shot by Alex DeBrincat.
7:39 of 1st period - Deflect By Tim Stützle.
7:39 of 1st period - Shot Hit the Post.
7:39 of 1st period - Puck is out of play.
7:40 of 1st period - Rasmus Kupari wins face-off versus Tim Stützle in Islanders zone.
8:06 of 1st period - Sonny Milano is hit by Marc Staal and loses puck.
8:11 of 1st period - Snap shot by Patrick Kane.
8:11 of 1st period - Stopped by Mike Smith without a rebound.
8:12 of 1st period - Josh Bailey wins face-off versus Ross Colton in Islanders zone.
9:28 of 1st period - Slapshot by Jack Quinn.
9:28 of 1st period - Shot Blocked by Rasmus Asplund.
9:30 of 1st period - Snap shot by Travis Boyd.
9:30 of 1st period - Shot Blocked by Christian Wolanin.
9:32 of 1st period - Wrist shot by Bowen Byram.
9:32 of 1st period - Shot Blocked by Will Butcher.
9:54 of 1st period - Snap shot by Sonny Milano.
9:54 of 1st period - Stopped by Jake Oettinger with a rebound.
10:38 of 1st period - Minor Penalty to Josh Archibald for Slashing.
10:39 of 1st period - Tim Stützle wins face-off versus Josh Bailey in Islanders zone.
10:56 of 1st period - Snap shot by Alex DeBrincat.
10:56 of 1st period - Shot Misses the Net.
11:09 of 1st period - Icing by Lucas Raymond.
11:10 of 1st period - Rasmus Kupari wins face-off versus Ross Colton in Coyotes zone.
11:55 of 1st period - Snap shot by Drake Batherson.
11:55 of 1st period - Goal by Drake Batherson - Islanders : 0 - Coyotes : 1.
11:56 of 1st period - Josh Bailey wins face-off versus Jake DeBrusk in neutral zone.
12:01 of 1st period - Wrist shot by Brock McGinn.
12:01 of 1st period - Stopped by Jake Oettinger with a rebound.
12:33 of 1st period - Wrist shot by Milan Lucic.
12:33 of 1st period - Shot Blocked by Lucas Raymond.
13:24 of 1st period - Wrist shot by Brock McGinn.
13:24 of 1st period - Stopped by Jake Oettinger with a rebound.
13:26 of 1st period - Slapshot by Dylan Coghlan.
13:26 of 1st period - Stopped by Jake Oettinger without a rebound.
13:27 of 1st period - Sonny Milano wins face-off versus Rem Pitlick in Coyotes zone.
13:42 of 1st period - Slapshot by Brock McGinn.
13:42 of 1st period - Shot Blocked by Marc Staal.
13:44 of 1st period - Wrist shot by Brock McGinn.
13:44 of 1st period - Stopped by Jake Oettinger without a rebound.
13:45 of 1st period - Nicklas Backstrom wins face-off versus Tim Stützle in Coyotes zone.
13:46 of 1st period - Wrist shot by Milan Lucic.
13:46 of 1st period - Shot Blocked by Vince Dunn.
13:52 of 1st period - Snap shot by Jake DeBrusk.
13:52 of 1st period - Shot Misses the Net.
13:54 of 1st period - Backhand shot by Vince Dunn.
13:54 of 1st period - Shot Hit the Post.
13:56 of 1st period - Wrist shot by Alex DeBrincat.
13:56 of 1st period - Stopped by Mike Smith without a rebound.
13:57 of 1st period - Ross Colton wins face-off versus Josh Bailey in Islanders zone.
13:58 of 1st period - Snap shot by Patrick Kane.
13:58 of 1st period - Stopped by Mike Smith without a rebound.
13:59 of 1st period - Ross Colton wins face-off versus Josh Bailey in Islanders zone.
14:00 of 1st period - Snap shot by Patrick Kane.
14:00 of 1st period - Stopped by Mike Smith with a rebound.
14:02 of 1st period - Snap shot by Lucas Raymond.
14:02 of 1st period - Shot Blocked by Caleb Jones.
14:04 of 1st period - Slapshot by Marc Staal.
14:04 of 1st period - Deflect By Patrick Kane.
14:04 of 1st period - Goal by Patrick Kane - Islanders : 0 - Coyotes : 2.
14:05 of 1st period - Ross Colton wins face-off versus Josh Bailey in neutral zone.
14:12 of 1st period - Snap shot by Patrick Kane.
14:12 of 1st period - Deflect By Sonny Milano.
14:12 of 1st period - Stopped by Mike Smith with a rebound.
14:32 of 1st period - Caleb Jones is hit by Tim Stützle and loses puck.
15:20 of 1st period - Taylor Raddysh is hit by Josh Bailey.
15:55 of 1st period - Icing by Patrick Kane.
15:56 of 1st period - Nicklas Backstrom wins face-off versus Tim Stützle in Coyotes zone.
16:03 of 1st period - Snap shot by Nicklas Backstrom.
16:03 of 1st period - Shot Misses the Net.
16:29 of 1st period - Wrist shot by Brock McGinn.
16:29 of 1st period - Stopped by Jake Oettinger without a rebound.
16:30 of 1st period - Ross Colton wins face-off versus Josh Bailey in Coyotes zone.
16:30 of 1st period - Ross Colton is hit by Caleb Jones.
16:46 of 1st period - Wrist shot by Sonny Milano.
16:46 of 1st period - Stopped by Jake Oettinger without a rebound.
16:47 of 1st period - Tim Stützle wins face-off versus Nicklas Backstrom in Coyotes zone.
16:47 of 1st period - Tim Stützle is hit by Milan Lucic.
17:13 of 1st period - Ross Colton is hit by Josh Bailey and loses puck.
17:27 of 1st period - Minor Penalty to Brayden McNabb for Slashing.
17:28 of 1st period - Ross Colton wins face-off versus Nicklas Backstrom in Coyotes zone.
17:41 of 1st period - Taylor Raddysh is hit by Josh Bailey and loses puck.
19:27 of 1st period - Penalty to Brayden McNabb is over, Brayden McNabb is back on ice.
19:39 of 1st period - Slapshot by Marc Staal.
19:39 of 1st period - Stopped by Mike Smith with a rebound.
Goals for this period are 0 for Islanders vs 2 for Coyotes.
Shots for this period are 14 for Islanders vs 10 for Coyotes.

2nd period


0:01 of 2nd period - Tim Stützle wins face-off versus Josh Bailey in neutral zone.
0:27 of 2nd period - Caleb Jones is hit by Vince Dunn.
2:32 of 2nd period - Minor Penalty to Rasmus Sandin for Hooking.
2:33 of 2nd period - Ross Colton wins face-off versus Nicklas Backstrom in Coyotes zone.
2:33 of 2nd period - Ross Colton is hit by Josh Archibald.
4:32 of 2nd period - Penalty to Rasmus Sandin is over, Rasmus Sandin is back on ice.
6:01 of 2nd period - Tim Stützle is hit by Kyle Burroughs.
6:32 of 2nd period - Ondrej Kase is hit by Lucas Raymond and loses puck.
7:11 of 2nd period - Brock McGinn is hit by Taylor Raddysh and loses puck.
7:58 of 2nd period - Wrist shot by Drake Batherson.
7:58 of 2nd period - Shot Blocked by Dylan Coghlan.
8:00 of 2nd period - Slapshot by Bowen Byram.
8:00 of 2nd period - Deflect By Jack Quinn.
8:00 of 2nd period - Shot Misses the Net.
8:00 of 2nd period - Puck is out of play.
8:01 of 2nd period - Jack Quinn wins face-off versus Rasmus Kupari in Islanders zone.
8:27 of 2nd period - Backhand shot by Tim Stützle.
8:27 of 2nd period - Stopped by Mike Smith with a rebound.
8:29 of 2nd period - Backhand shot by Marc Staal.
8:29 of 2nd period - Stopped by Mike Smith without a rebound.
8:30 of 2nd period - Josh Bailey wins face-off versus Tim Stützle in Islanders zone.
8:37 of 2nd period - Snap shot by Sonny Milano.
8:37 of 2nd period - Goal by Sonny Milano - Islanders : 1 - Coyotes : 2.
8:38 of 2nd period - Josh Bailey wins face-off versus Tim Stützle in neutral zone.
9:05 of 2nd period - Caleb Jones is hit by Brayden McNabb and loses puck.
9:12 of 2nd period - Snap shot by Lucas Raymond.
9:12 of 2nd period - Shot Misses the Net.
9:14 of 2nd period - Wrist shot by Ross Colton.
9:14 of 2nd period - Deflect By Patrick Kane.
9:14 of 2nd period - Stopped by Mike Smith with a rebound.
9:16 of 2nd period - Snap shot by Vince Dunn.
9:16 of 2nd period - Deflect By Nicklas Backstrom.
9:16 of 2nd period - Stopped by Mike Smith without a rebound.
9:17 of 2nd period - Josh Bailey wins face-off versus Tim Stützle in Islanders zone.
9:58 of 2nd period - Snap shot by Patrick Kane.
9:58 of 2nd period - Shot Blocked by Nicklas Backstrom.
10:05 of 2nd period - Icing by Milan Lucic.
10:06 of 2nd period - Nicklas Backstrom wins face-off versus Travis Boyd in Islanders zone.
10:11 of 2nd period - Wrist shot by Milan Lucic.
10:11 of 2nd period - Stopped by Jake Oettinger without a rebound.
10:12 of 2nd period - Travis Boyd wins face-off versus Josh Bailey in Coyotes zone.
11:07 of 2nd period - Sonny Milano is hit by Brayden McNabb and loses puck.
11:12 of 2nd period - Wrist shot by Drake Batherson.
11:12 of 2nd period - Shot Misses the Net.
11:41 of 2nd period - Snap shot by Travis Boyd.
11:41 of 2nd period - Shot Misses the Net.
11:43 of 2nd period - Slapshot by Noah Dobson.
11:43 of 2nd period - Stopped by Mike Smith without a rebound.
11:44 of 2nd period - Tim Stützle wins face-off versus Nicklas Backstrom in Islanders zone.
11:49 of 2nd period - Wrist shot by Tim Stützle.
11:49 of 2nd period - Shot Blocked by Robert Bortuzzo.
11:51 of 2nd period - Wrist shot by Jake DeBrusk.
11:51 of 2nd period - Shot Blocked by Robert Bortuzzo.
11:53 of 2nd period - Slapshot by Vince Dunn.
11:53 of 2nd period - Stopped by Mike Smith with a rebound.
11:55 of 2nd period - Snap shot by Jake DeBrusk.
11:55 of 2nd period - Stopped by Mike Smith with a rebound.
12:11 of 2nd period - Marc Staal is hit by Robert Bortuzzo and loses puck.
12:20 of 2nd period - Snap shot by Josh Archibald.
12:20 of 2nd period - Stopped by Jake Oettinger with a rebound.
12:22 of 2nd period - Snap shot by Ondrej Kase.
12:22 of 2nd period - Stopped by Jake Oettinger without a rebound.
12:23 of 2nd period - Rasmus Kupari wins face-off versus Tim Stützle in Coyotes zone.
12:58 of 2nd period - Wrist shot by Nicklas Backstrom.
12:58 of 2nd period - Deflect By Milan Lucic.
12:58 of 2nd period - Shot Blocked by Bowen Byram.
12:58 of 2nd period - Puck is out of play.
12:59 of 2nd period - Milan Lucic wins face-off versus Tim Stützle in Coyotes zone.
14:32 of 2nd period - Bowen Byram is hit by Josh Bailey and loses puck.
15:00 of 2nd period - Wrist shot by Alex DeBrincat.
15:00 of 2nd period - Stopped by Mike Smith with a rebound.
15:10 of 2nd period - Snap shot by Brock McGinn.
15:10 of 2nd period - Shot Blocked by Bowen Byram.
15:12 of 2nd period - Slapshot by Robert Bortuzzo.
15:12 of 2nd period - Shot Blocked by Jake DeBrusk.
15:51 of 2nd period - Icing by Caleb Jones.
15:52 of 2nd period - Ross Colton wins face-off versus Josh Bailey in Islanders zone.
16:05 of 2nd period - Snap shot by Patrick Kane.
16:05 of 2nd period - Stopped by Mike Smith with a rebound.
16:07 of 2nd period - Snap shot by Ross Colton.
16:07 of 2nd period - Deflect By Lucas Raymond.
16:07 of 2nd period - Stopped by Mike Smith with a rebound.
16:09 of 2nd period - Wrist shot by Ross Colton.
16:09 of 2nd period - Shot Blocked by Sonny Milano.
16:25 of 2nd period - Snap shot by Milan Lucic.
16:25 of 2nd period - Stopped by Jake Oettinger with a rebound.
16:43 of 2nd period - Slapshot by Noah Dobson.
16:43 of 2nd period - Stopped by Mike Smith with a rebound.
16:45 of 2nd period - Snap shot by Rem Pitlick.
16:45 of 2nd period - Shot Blocked by Kyle Burroughs.
17:03 of 2nd period - Snap shot by Rasmus Asplund.
17:03 of 2nd period - Shot Misses the Net.
18:36 of 2nd period - Ross Colton is hit by Nicklas Backstrom and loses puck.
18:53 of 2nd period - Jakub Voracek is hit by Travis Boyd and loses puck.
18:58 of 2nd period - Snap shot by Drake Batherson.
18:58 of 2nd period - Shot Blocked by Jakub Voracek.
19:26 of 2nd period - Taylor Raddysh is hit by Will Butcher and loses puck.
Goals for this period are 1 for Islanders vs 0 for Coyotes.
Shots for this period are 5 for Islanders vs 11 for Coyotes.

3rd period


0:01 of 3rd period - Brock McGinn wins face-off versus Tim Stützle in neutral zone.
0:32 of 3rd period - Wrist shot by Lucas Raymond.
0:32 of 3rd period - Stopped by Mike Smith with a rebound.
0:36 of 3rd period - Snap shot by Lucas Raymond.
0:36 of 3rd period - Stopped by Mike Smith with a rebound.
3:52 of 3rd period - Kyle Burroughs is hit by Rem Pitlick and loses puck.
4:20 of 3rd period - Sonny Milano is hit by Bowen Byram and loses puck.
4:25 of 3rd period - Slapshot by Tim Stützle.
4:25 of 3rd period - Stopped by Mike Smith with a rebound.
4:39 of 3rd period - Rasmus Asplund is hit by Marc Staal and loses puck.
4:56 of 3rd period - Nicklas Backstrom is hit by Brayden McNabb.
5:26 of 3rd period - Josh Archibald is hit by Brayden McNabb and loses puck.
5:53 of 3rd period - Snap shot by Josh Bailey.
5:53 of 3rd period - Stopped by Jake Oettinger without a rebound.
5:54 of 3rd period - Tim Stützle wins face-off versus Nicklas Backstrom in Coyotes zone.
5:54 of 3rd period - Tim Stützle is hit by Nicklas Backstrom.
5:59 of 3rd period - Jake DeBrusk is hit by Milan Lucic and loses puck.
6:56 of 3rd period - Snap shot by Simon Holmstrom.
6:56 of 3rd period - Shot Misses the Net.
7:20 of 3rd period - Snap shot by Lucas Raymond.
7:20 of 3rd period - Stopped by Mike Smith without a rebound.
7:21 of 3rd period - Josh Bailey wins face-off versus Tim Stützle in Islanders zone.
7:58 of 3rd period - Snap shot by Alex DeBrincat.
7:58 of 3rd period - Shot Blocked by Robert Bortuzzo.
8:00 of 3rd period - Snap shot by Alex DeBrincat.
8:00 of 3rd period - Stopped by Mike Smith with a rebound.
8:02 of 3rd period - Snap shot by Alex DeBrincat.
8:02 of 3rd period - Shot Misses the Net.
8:16 of 3rd period - Wrist shot by Alex DeBrincat.
8:16 of 3rd period - Stopped by Mike Smith with a rebound.
8:18 of 3rd period - Snap shot by Brayden McNabb.
8:18 of 3rd period - Shot Misses the Net.
8:20 of 3rd period - Slapshot by Noah Dobson.
8:20 of 3rd period - Stopped by Mike Smith without a rebound.
8:21 of 3rd period - Josh Bailey wins face-off versus Travis Boyd in Islanders zone.
8:48 of 3rd period - Marc Staal is hit by Filip Zadina and loses puck.
8:57 of 3rd period - Icing by Jordan Greenway.
8:58 of 3rd period - Nicklas Backstrom wins face-off versus Rem Pitlick in Coyotes zone.
9:57 of 3rd period - Backhand shot by Tim Stützle.
9:57 of 3rd period - Shot Blocked by Ondrej Kase.
11:42 of 3rd period - Jakub Voracek is hit by Rem Pitlick and loses puck.
11:53 of 3rd period - Josh Archibald is hit by Drake Batherson and loses puck.
12:42 of 3rd period - Christian Wolanin is hit by Noah Dobson and loses puck.
13:03 of 3rd period - Snap shot by Nicklas Backstrom.
13:03 of 3rd period - Deflect By Milan Lucic.
13:03 of 3rd period - Stopped by Jake Oettinger without a rebound.
13:04 of 3rd period - Tim Stützle wins face-off versus Josh Bailey in Coyotes zone.
13:21 of 3rd period - Slapshot by Alex DeBrincat.
13:21 of 3rd period - Stopped by Mike Smith without a rebound.
13:22 of 3rd period - Travis Boyd wins face-off versus Rasmus Kupari in Islanders zone.
13:26 of 3rd period - Minor Penalty to Josh Archibald for Roughing.
13:27 of 3rd period - Josh Bailey wins face-off versus Tim Stützle in Islanders zone.
13:35 of 3rd period - Snap shot by Josh Bailey.
13:35 of 3rd period - Stopped by Jake Oettinger without a rebound.
13:36 of 3rd period - Tim Stützle wins face-off versus Josh Bailey in Coyotes zone.
13:51 of 3rd period - Snap shot by Alex DeBrincat.
13:51 of 3rd period - Shot Misses the Net.
14:06 of 3rd period - Snap shot by Noah Dobson.
14:06 of 3rd period - Stopped by Mike Smith with a rebound.
14:32 of 3rd period - Slapshot by Jake DeBrusk.
14:32 of 3rd period - Stopped by Mike Smith without a rebound.
14:33 of 3rd period - Lucas Raymond wins face-off versus Josh Bailey in Islanders zone.
14:34 of 3rd period - Wrist shot by Drake Batherson.
14:34 of 3rd period - Stopped by Mike Smith without a rebound.
14:35 of 3rd period - Ross Colton wins face-off versus Josh Bailey in Islanders zone.
14:38 of 3rd period - Wrist shot by Lucas Raymond.
14:38 of 3rd period - Goal by Lucas Raymond - Islanders : 1 - Coyotes : 3.
14:39 of 3rd period - Tim Stützle wins face-off versus Josh Bailey in neutral zone.
15:13 of 3rd period - Icing by Ondrej Kase.
15:14 of 3rd period - Ross Colton wins face-off versus Rasmus Kupari in Islanders zone.
15:19 of 3rd period - Slapshot by Vince Dunn.
15:19 of 3rd period - Stopped by Mike Smith without a rebound.
15:20 of 3rd period - Tim Stützle wins face-off versus Rasmus Kupari in Islanders zone.
15:26 of 3rd period - Minor Penalty to Dylan Coghlan for Tripping.
15:27 of 3rd period - Tim Stützle wins face-off versus Josh Bailey in Islanders zone.
16:13 of 3rd period - Caleb Jones is hit by Alex DeBrincat and loses puck.
17:26 of 3rd period - Penalty to Dylan Coghlan is over, Dylan Coghlan is back on ice.
17:57 of 3rd period - Rasmus Asplund is hit by Rem Pitlick.
18:41 of 3rd period - Robert Bortuzzo is hit by Taylor Raddysh and loses puck.
18:54 of 3rd period - Lucas Raymond is hit by Ondrej Kase and loses puck.
19:47 of 3rd period - Icing by Josh Bailey.
19:48 of 3rd period - Rem Pitlick wins face-off versus Brock McGinn in Islanders zone.
Goals for this period are 0 for Islanders vs 1 for Coyotes.
Shots for this period are 3 for Islanders vs 13 for Coyotes.